Cogmind - Beta 16 @@@ ROGUE MODE // 2025.11.11 @ 23:19:51 Player: UnsuspectingSawblade Result: Self-destructed Performance ------------- Evolutions (1) 500 Regions Visited (3) 600 Robots Destroyed (10) 50 Value Destroyed (224) 224 Prototype IDs (0) 0 Alien Tech Used (0) 0 Bonus (189) 189 TOTAL SCORE: 1563 Bonus ------- Follower Combat Kills 189 Cogmind --------- Core Integrity 345/400 Matter 290/300 Energy 125/125 System Corruption 0% Temperature Cool (5) Movement Treading (160) Location -9/Materials Parts ------- > --- POWER (1) -------- Light Ion Engine > --- PROPULSION (3) --- Light Treads Light Treads Light Treads > --- UTILITY (3) ------ Large Storage Unit Signal Interpreter Light Armor Plating > --- WEAPON (2) ------- Light Assault Rifle Light Assault Rifle > --- INVENTORY (15) --- Light Ion Engine Improved Ion Engine Improved Aluminum Leg Carbon-fiber Leg Large Storage Unit Huge Storage Unit Terrain Scanner Seismic Detector ECM Suite Peak State ------------ > --- POWER ------------ Improved Ion Engine > --- PROPULSION ------- Aluminum Leg Aluminum Leg Improved Aluminum Leg > --- UTILITY ---------- Large Storage Unit Signal Interpreter Seismic Detector > --- WEAPON ----------- Light Assault Rifle Light Assault Rifle > --- INVENTORY -------- Light Ion Engine Light Ion Engine Light Treads Light Treads Large Storage Unit Huge Storage Unit Terrain Scanner ECM Suite Light Armor Plating [Rating: 11] Favorites ----------- Power Light Ion Engine Engine Light Ion Engine Propulsion Aluminum Leg Treads Light Treads Leg Aluminum Leg Utility Small Storage Unit Device Seismic Detector Storage Small Storage Unit Processor Signal Interpreter Protection Light Armor Plating Weapon Light Assault Rifle Ballistic Gun Light Assault Rifle Build | -11 -10 -10 -9 ------- Run | Yrd Mat Min Mat Slots Evolved 2 | . . . 2 Power . | . . . . Propulsion 1 | . . . 1 Utility 1 | . . . 1 Weapon . | . . . . Parts Attached 16 | 7 . 2 7 Power 2 | 1 . . 1 Engine 2 | 1 . . 1 Core . | . . . . Reactor . | . . . . Propulsion 6 | 2 . . 4 Treads 3 | . . . 3 Leg 3 | 2 . . 1 Wheel . | . . . . Hover . | . . . . Flight . | . . . . Utility 6 | 2 . 2 2 Device 2 | 1 . 1 . Storage 2 | 1 . . 1 Processor 1 | . . 1 . Hackware . | . . . . Protection 1 | . . . 1 Artifact . | . . . . Weapon 2 | 2 . . . Energy Gun . | . . . . Energy Cannon . | . . . . Ballistic Gun 2 | 2 . . . Ballistic Cannon . | . . . . Launcher . | . . . . Special Weapon . | . . . . Impact Weapon . | . . . . Slashing Weapon . | . . . . Piercing Weapon . | . . . . Special Melee Weapon . | . . . . Unidentified Prototypes . | . . . . Parts Lost . | . . . . Power . | . . . . Propulsion . | . . . . Utility . | . . . . Weapon . | . . . . Highest Loss Streak . | . . . . To Critical Strikes . | . . . . Average Backups 7 | 4 5 8 8 Power 1 | . 1 1 1 Propulsion 2 | 1 2 2 2 Utility 3 | . . 3 4 Weapon . | 1 2 1 . Tool/Special . | . . . . Unused Backups 8 | 1 . 2 5 Power 1 | . . . 1 Propulsion 1 | . . . 1 Utility 3 | . . . 3 Weapon 3 | 1 . 2 . Tool/Special . | . . . . Average Slot Usage (%) 99 | . 100 100 98 Engine 13 | . 14 14 11 Treads 2 | . . . 10 Leg 26 | . 28 28 20 Device 12 | . 14 12 9 Storage 13 | . 14 14 11 Processor 3 | . . 1 11 Ballistic Gun 26 | . 28 28 22 Peak Build Rating 11 | 7 7 7 11 Average Rating 7 | 5 7 7 10 On Entrance 5 | . 7 7 7 Avg Prop Armor Cover (%) . | . . . . Naked Turns . | . . . . Heaviest Build 28 | 11 11 11 28 Greatest Support 60 | 20 20 20 60 Greatest Overweight (x) . | . . . . Average Overweight (x) . | . . . . Largest Inventory Capacity 15 | 8 8 8 15 Average Capacity 8 | 7 8 8 13 Most Carried 10 | 6 8 8 10 Average Carried 7 | 4 5 7 8 Final Capacity 15 | 8 8 8 15 Final Carried 9 | 5 8 8 9 Class Distribution -------------------- 100% | Mutant Dominant Class ---------------- Mutant | -10/Materials Mutant | -10/Mines Mutant | -9/Materials Resources | -11 -10 -10 -9 ----------- Run | Yrd Mat Min Mat Matter Collected 513 | 250 . 131 132 Remotely . | . . . . Salvage Created 389 | 153 . . 236 Parts 23 | 9 . . 14 Haulers Intercepted . | . . . . Recyclers Shooed 2 | 2 . . . Parts Field Recycled . | . . . . Retrieved Matter . | . . . . Parts Self-Destructed . | . . . . Prevented . | . . . . Parts Restored . | . . . . Kills | -11 -10 -10 -9 ------- Run | Yrd Mat Min Mat Combat Hostiles Destroyed 5 | . . . 5 Guns 5 | . . . 5 Classes Destroyed 5 | 2 . . 3 Tunneler 3 | 3 . . . Recycler 1 | 1 . . . Watcher 1 | . . . 1 Grunt 4 | . . . 4 Sentry 1 | . . . 1 Best Kill Streak 5 | 1 . . 5 Combat Bots Only 4 | . . . 4 Max Kills in Single Turn 1 | 1 . . 1 Gunslinging . | . . . . Exploded . | . . . . Melee . | . . . . Uniques/NPCs Destroyed . | . . . . Combat | -11 -10 -10 -9 -------- Run | Yrd Mat Min Mat Hostile Shots Fired 86 | . . . 86 Missed 27 | . . . 27 Hits 59 | . . . 59 Projectile 59 | . . . 59 Damage Taken 600 | . . . 600 Core 55 | . . . 55 Absorbed by Shields . | . . . . Core Remaining (%) 100 | 100 . 100 . Volleys Fired 49 | 21 2 . 26 Largest 2 | 2 2 . 2 Hottest 40 | 40 40 . 40 Shots Fired 98 | 42 4 . 52 Gun 98 | 42 4 . 52 Cannon . | . . . . Launcher . | . . . . Special . | . . . . Kinetic 98 | 42 4 . 52 Thermal . | . . . . Explosive . | . . . . Electromagnetic . | . . . . Robot Hit Streak 13 | 8 1 . 13 Robot Miss Streak 2 | 2 2 . 2 Penetration Max . | . . . . Secondary Targets 1 | . . . 1 Max Gunslinging Chain 1 | . . . 1 Shots Hit Robots 64 | 26 1 . 37 Core Hits 22 | 7 . . 15 Critical Kills . | . . . . Critical Parts Destroyed 1 | 1 . . . Critical Strikes 1 | 1 . . . Destroy 1 | 1 . . . Melee Attacks . | . . . . Impact . | . . . . Slashing . | . . . . Piercing . | . . . . Sneak Attacks . | . . . . Combat Hostiles . | . . . . Follow-up Attacks . | . . . . Damage Inflicted 555 | 227 9 10 309 Guns 545 | 227 9 . 309 Cannons . | . . . . Explosions . | . . . . Melee . | . . . . Ramming 10 | . . 10 . Kinetic 545 | 227 9 . 309 Thermal . | . . . . Explosive . | . . . . Electromagnetic . | . . . . Impact . | . . . . Slashing . | . . . . Piercing . | . . . . Highest Corruption . | . . . . Average Corruption . | . . . . Corruption Purged . | . . . . Corruption Blocked . | . . . . Overload Shots . | . . . . Overflow Damage . | . . . . Projectiles . | . . . . Explosions . | . . . . Melee . | . . . . Knockbacks . | . . . . Impact . | . . . . Kinetic . | . . . . Secondary . | . . . . Self-Inflicted Damage . | . . . . Shots . | . . . . Rammed . | . . . . Targets Rammed 2 | . . 2 . Kicked 2 | . . 2 . Crushed . | . . . . Highest Temperature 25 | . . . 25 Average Temperature 8 | . . . 8 Received Heat Transfer 183 | . . . 183 Siege Activations . | . . . . Martial Activations . | . . . . Shielding Activations . | . . . . Robots Disrupted . | . . . . Combat Hostiles . | . . . . Robots Corrupted . | . . . . Combat Hostiles . | . . . . Parts Fried . | . . . . Impact Corruptions . | . . . . Robots Melted . | . . . . Combat Hostiles . | . . . . Parts Melted . | . . . . Heat Transferred . | . . . . Parts Sabotaged . | . . . . Parts Stolen . | . . . . Parts Stripped . | . . . . Power Chain Reactions . | . . . . Alert | -11 -10 -10 -9 ------- Run | Yrd Mat Min Mat Maximum Alert Level . | . . . . Low Security (%) 100 | 100 100 100 100 Level 1 . | . . . . Level 2 . | . . . . Level 3 . | . . . . Level 4 . | . . . . Level 5 . | . . . . High Security . | . . . . Max Security . | . . . . Peak Influence 88 | 5 . 87 88 Initial 13 | . . . 13 Average 15 | 1 . 13 37 Influence Increases 435 | 20 . 145 270 Destroy 0b10 Robot/C 280 | . . 100 180 Destroy 0b10 Robot/NC 30 | 20 . . 10 Destroy Leader 44 | . . 20 24 Allied During Kill 46 | . . 25 21 Successful Hack 5 | . . . 5 Lose Combat Pursuer 30 | . . . 30 Influence Decreases 372 | 20 . 110 242 Entered New Map 22 | . . . 22 Time Decay 290 | 20 . 110 160 Lost Ally 60 | . . . 60 Squads Dispatched 1 | . 1 . . Investigation . | . . . . Extermination . | . . . . Reinforcement 1 | . 1 . . Assault . | . . . . Garrison . | . . . . Intercept . | . . . . Searches Triggered . | . . . . Construction Impeded . | . . . . Haulers Reinforced . | . . . . Active Scanning Responses . | . . . . Cargo Convoy Interrupts . | . . . . Stealth | -11 -10 -10 -9 --------- Run | Yrd Mat Min Mat Distress Signals 3 | . . . 3 Communications Jammed . | . . . . Distress Signals . | . . . . Times Spotted 20 | . 1 . 19 Peak Tracking Total 7 | . 2 . 7 Tactical Retreats 2 | . . . 2 Traps | -11 -10 -10 -9 ------- Run | Yrd Mat Min Mat Traps Triggered . | . . . . Indirectly . | . . . . Trap Hack Attempts . | . . . . Triggered . | . . . . Disarmed . | . . . . Reprogrammed . | . . . . Reused . | . . . . Traps Extracted . | . . . . Installed . | . . . . Triggered . | . . . . Machines | -11 -10 -10 -9 ---------- Run | Yrd Mat Min Mat Machines Disabled . | . . . . Max in Single Turn . | . . . . Machines Repaired . | . . . . Machines Dismantled . | . . . . Machines Sabotaged . | . . . . Overloaded Fab Kills . | . . . . Hacking | -11 -10 -10 -9 --------- Run | Yrd Mat Min Mat Machines Accessed 2 | . 1 . 1 Terminals 1 | . . . 1 Fabricators . | . . . . Repair Stations 1 | . 1 . . Recycling Units . | . . . . Scanalyzers . | . . . . Garrison Access . | . . . . Total Hacks 4 | . 1 . 3 Successful 1 | . . . 1 Failed 3 | . 1 . 2 Catastrophic 1 | . . . 1 Database Lockouts . | . . . . Manual 3 | . . . 3 Terminals 3 | . . . 3 Fabricators . | . . . . Repair Stations 1 | . 1 . . Recycling Units . | . . . . Scanalyzers . | . . . . Garrison Access . | . . . . Terminal Hacks 1 | . . . 1 Locate Traps 1 | . . . 1 Fabricator Hacks . | . . . . Repair Station Hacks . | . . . . Recycling Unit Hacks . | . . . . Scanalyzer . | . . . . Garrison Access Hacks . | . . . . Unauthorized Hacks . | . . . . Terminals . | . . . . Fabricators . | . . . . Repair Stations . | . . . . Recycling Units . | . . . . Scanalyzers . | . . . . Garrison Access . | . . . . Data Cores Recovered . | . . . . Used . | . . . . Hacking Detections 2 | . 1 . 1 Full Trace Events . | . . . . Feedback Events . | . . . . Feedback Blocked . | . . . . Robot Schematics Acquired . | . . . . Robots Built . | . . . . Authchips . | . . . . Time . | . . . . Total Robot Build Rating . | . . . . Part Schematics Acquired . | . . . . Parts Built . | . . . . Authchips . | . . . . Time . | . . . . Total Part Build Rating . | . . . . Part Studies Acquired . | . . . . Parts Repaired . | . . . . Time . | . . . . Parts Recycled . | . . . . Recycled Matter . | . . . . Retrieved Matter . | . . . . Retrieved Components . | . . . . Parts Scanalyzed . | . . . . Part Schematics Acquired . | . . . . Parts Damaged . | . . . . Bothacking | -11 -10 -10 -9 ------------ Run | Yrd Mat Min Mat Used RIF Installer . | . . . . Robots Hacked . | . . . . Non-combat . | . . . . Combat . | . . . . Robot Hacks Applied . | . . . . Relay Couplers Released . | . . . . Fabnet Peak Effective % . | . . . . Robots Rewired . | . . . . Allies Hacked . | . . . . Hacks Repelled . | . . . . Allies | -11 -10 -10 -9 -------- Run | Yrd Mat Min Mat Total Allies 5 | . . 5 . Largest Group 5 | . . 5 4 Highest-Rated Group 90 | . . 90 74 Highest-Rated Ally 31 | . . 31 31 Total Orders . | . . . . Ally Attacks 44 | . . 20 24 Total Damage 475 | . . 193 282 Kills 10 | . . 5 5 Allies Corrupted . | . . . . Allies Melted . | . . . . Intel | -11 -10 -10 -9 ------- Run | Yrd Mat Min Mat Active Infowar (turns) 1550 | 10 106 1150 284 Terrain 576 | . . 576 . Seismic 974 | 10 106 574 284 Robot Analysis Total . | . . . . Derelict Logs Recovered 1 | . . 1 . Drone Launches . | . . . . Drone Recoveries . | . . . . Exploration | -11 -10 -10 -9 ------------- Run | Yrd Mat Min Mat Turns Passed 1862 | 171 106 1265 320 Spaces Moved 874 | 90 82 545 157 Core 13 | 13 . . . Treads 44 | . . . 44 Legs 817 | 77 82 545 113 Wheels . | . . . . Hover . | . . . . Flight . | . . . . Fastest Speed 50 | 50 120 120 120 Average Speed 120 | 109 120 120 131 Slowest Speed 160 | 120 120 120 160 Overloaded Moves . | . . . . Propulsion Burnouts . | . . . . Robots Hopped . | . . . . Potential Cave-ins . | . . . . Cave-ins Triggered . | . . . . Exploration Rate (%) 35 | 8 19 97 17 Regions Visited 3 Branch Regions 1 Pre-discovered Areas . | . . . . Known Exits Taken 1 | . . 1 . Unknown Exits Taken 2 | 1 1 . . Scrap Searched 1 | . . 1 . Spaces Dug . | . . . . Terrain Destroyed . | . . . . Melee . | . . . . Projectile . | . . . . AOE . | . . . . Terrain Rammed . | . . . . Walls Destroyed . | . . . . Machines Disabled . | . . . . Actions | -11 -10 -10 -9 --------- Run | Yrd Mat Min Mat Total 1591 | 126 86 1153 226 Wait 623 | . . 594 29 Move 871 | 89 81 544 157 Hop . | . . . . Pick Up 15 | 8 3 2 2 Fast Attach 7 | 5 . . 2 Attach 3 | 2 . . 1 Detach . | . . . . Swap 13 | . . 7 6 Drop 6 | 1 . 2 3 Fire 49 | 21 2 . 26 Melee . | . . . . Ram . | . . . . Kick 2 | . . 2 . Crush . | . . . . Escape Stasis . | . . . . Rewire 2 | . . 2 . Trap . | . . . . Miscellaneous . | . . . . Route ------- -11/Scrapyard -10/Materials -10/Mines (discovered 2 exits: *Mat x2) -9/Materials (discovered 1 exit: Mat) History --------- Turn | Location | Event 10 | -11/Scrapyard | Discovered new exit (range 15) 172 | -11/Scrapyard | Entered Materials 246 | -10/Materials | Discovered new exit (range 14) 278 | -10/Materials | Entered Mines 288 | -10/Mines | Learned location of 1 exit from Materials 316 | -10/Mines | Build established: Mutant 683 | -10/Mines | Discovered new exit (range 11) 743 | -10/Mines | Assisted by bots powering up and referring to "LRC-V3" 1273 | -10/Mines | Found a hidden stash of uninstalled traps 1296 | -10/Mines | Discovered new exit (range 10) 1429 | -10/Mines | Identified exit to Materials 1543 | -10/Mines | Entered Materials 1543 | -9/Materials | Accompanied by 4 allies 1543 | -9/Materials | Evolved 2 slots: Propulsion x1, Utility x1 1544 | -9/Materials | Identified exit to Materials 1548 | -9/Materials | Led the pair of lost Derelicts to an unsafe place 1710 | -9/Materials | Lost 3 allies 1863 | -9/Materials | Self-destructed Last Messages --------------- 01824_ Acquired 6 matter. 01831_ K-01 Serf collects debris. 01833_ C-30 ARC bursts open, deploying its payload. 01833_ S-10 Pest unfolds itself. 01834_ K-01 Serf collects debris. 01835_ Acquired 10 matter. 01844_ K-01 Serf cleans the Scanalyzer. 01852_ C-30 ARC bursts open, deploying its payload. 01852_ G-47 Trooper unfolds itself. 01852_ G-34 Mercenary unfolds itself. 01853_ K-01 Serf collects debris. 01854_ K-01 Serf cleans the Scanalyzer. 01854_ K-01 Serf collects debris. 01855_ S-10 Pest destroyed. 01856_ K-01 Serf collects debris. 01858_ K-01 Serf cleans the Scanalyzer. 01858_ K-01 Serf collects debris. 01861_ K-01 Serf cleans the Scanalyzer. Map ----- +----------------------------------------------------+ | ?????# # #??# """ #???????????????????? | | ?????# # #??# """ #???????????????????? | | ?????# # #??# #???????????????????? | | ?????# # #??# #???????????????????? | | ?????# ###+#############+####??????????????????? | | ?????# #??????????????????? | | ?????+ #??????????????????? | | ?????# #??????????????????? | | ?????# ###/############## #??????????????????? | | ?????# # = #???# #??????????????????? | | ?????# # """ """ #???# #??????????????????? | | ?????# # """"""""" #???# #??????????????????? | | ?????# # """"" ?????# #??????????????????? | | ?????# # ????# #??????????????????? | | ?????# ############?????# #??????????????????? | | ????? ????????????????# #??????????????????? | | ????? ????????????????# ####???????????????? | | ???? ????????????????# !##??????????????? | | ???? ?????????######## !#??????????????? | | ???## ?????????# !#??????????????? | | ?????####??????????# #??????????????? | | ???????????????????# !#??????????????? | | ????????????######## ##### ## !##??????????????? | | ????????????# #[ #####+#####???????????????? | | ????????????# """ #%* # k #??????????????????? | | ????????????# """ +!% s=@ "" #####??????????????? | | ????????????# """ #!*[#sg""S + ????????????? | | ????????????# #%=*#gk""kk######?????????????? | | ????????????# "T" #[= #s=k[ #??????????????????? | | ????????????######## ==#%[*% #??????????????????? | | ???????????????????# [!##a#####??????????????????? | | ???????????????????#%==[*%#??????????????????????? | | ??????? ############[[% [ #??????????????????????? | | ?????? " ^^ !=%=[[%#??????????????????????? | | ?????? "%" ^^ =####??????????????????????? | | ?????? " ^^ = #?????????????????????????? | | ??????? ############/####???????????????????????? | | ????????????????# %* #???????????????????????? | | ????????????????# """" #???????????????????????? | | ????????????????# """" #???????????????????????? | | ????????????????# """" #???????????????????????? | | ????????????????# #???????????????????????? | | ????????????????# """" #???????????????????????? | | ????????????????# """" #???????????????????????? | | ????????????????# """" #???????????????????????? | | ????????????????# #???????????????????????? | | ????????????????##########???????????????????????? | | ?????????????????????????????????????????????????? | | ?????????????????????????????????????????????????? | | ?????????????????????????????????????????????????? | +----------------------------------------------------+ Best States ------------- Heat Dissipation 28 Energy Generation 12 Energy Capacity 265 Matter Stores 300 Matter Capacity 300 Sight Range 16 Terrain Scan Range 14 Terrain Scan Density 10 Armor Coverage 150 Evasion (%) 55 Recoil Reduction 3 Item Schematics ----------------- None Robot Schematics ------------------ None Fabricated ------------ Nothing Repaired ---------- Nothing Studied --------- None Alien Tech Used ----------------- None Achievements -------------- The More The Merrier Challenges ------------ None Game ------ Seed ScrapoidMiningTendrils Manual? 0 Play Time 00:11:25 Cumulative 9.2 hours Start 2025.11.11 @ 23:08:57 End 2025.11.11 @ 23:19:51 Sessions 1 Manual Loads 0 Difficulty Rogue Special Mode None Game No. 23 Rogue 23 Adventurer 0 Explorer 0 Win Type - Total 0 Types 0/0/0/0/0/0/0/0/0/0 Lore% 19 Gallery% 11 Achievement% 13 Wizard Run 0 Options --------- Layout 1 ASCII 0 Keyboard 0 Movement Numpad Keybinds 0 Fullscreen 1 Font 24/Smallcaps Map View 50x35 Zoom Use 0% Tactical HUD 1 Map Filters NONE Filters NONE Steam 1 RUN: f0978d3a-2786-4396-ab90-30de035c3d15